 Dungeon Crawl Stone Soup version 0.18-a0-1413-g4eaa9ac (webtiles) character file.

126 M4edhros the Insei (level 5, 0/33 HPs)
             Began as an Octopode Artificer on Feb 25, 2016.
             Was a Follower of the Shining One.
             Slain by Kidiri's ghost (1 damage)
             ... on level 4 of the Dungeon.
             The game lasted 00:02:11 (2651 turns).

M4edhros the Insei (Octopode Artificer)             Turns: 2651, Time: 00:02:11

Health: 0/33       AC:  2    Str: 10    XL:     5   Next: 9%
Magic:  0/7        EV:  7    Int: 15    God:    the Shining One [*.....]
Gold:   111        SH:  0    Dex: 13    Spells: 0 memorised, 4 levels left

rFire  . . .     SeeInvis .       - Unarmed
rCold  . . .     Gourm    .     (no shield)
rNeg   . . .     Faith    .     (helmet restricted)
rPois  .         Spirit   +     n - amulet of guardian spirit
rElec  .         Dismiss  .     e - +1 ring of protection
rCorr  .         Reflect  .     (no ring)
SustAt .         Harm     .     (no ring)
MR     .....                    (no ring)
Stlth  +.........               (no ring)
                                (no ring)
                                (no ring)
                                (no ring)

@: glowing, not resistant to hostile enchantments, very unstealthy
A: almost no armour, amphibious, 8 rings, constrict 8, camouflage 1, gelatinous
body 1
a: Renounce Religion


You were on level 4 of the Dungeon.
You worshipped the Shining One.
The Shining One was aware of your devotion.
You were not hungry.

You visited 1 branch of the dungeon, and saw 4 of its levels.

You collected 111 gold pieces.

Inventory:

Hand Weapons
 p - a +0 hunting sling
Missiles
 a - 84 stones (quivered)
Jewellery
 e - a +1 ring of protection (left tentacle)
 m - an uncursed amulet of rage
 n - an amulet of guardian spirit (around mantle)
Wands
 b - a wand of flame (13/48)
 c - a wand of enslavement (15/24)
 d - a wand of random effects (15/48)
Scrolls
 h - 2 scrolls of immolation {unknown}
 i - 2 scrolls of enchant armour {unknown}
 j - 2 scrolls of blinking {unknown}
 k - 2 scrolls of identify {unknown}
 q - a scroll of recharging {unknown}
 r - a scroll of magic mapping {unknown}
 s - a scroll of teleportation {unknown}
Potions
 g - a potion of mutation {unknown}
 l - 2 potions of agility {unknown}
 t - 2 potions of curing {unknown}
 u - a potion of lignification {unknown}
 v - a potion of cancellation {unknown}
 w - a potion of ambrosia {unknown}
 x - a potion of flight {unknown}
Comestibles
 f - 7 bread rations
 o - a beef jerky
 z - a meat ration


   Skills:
 - Level 1.0 Fighting
   Level 1.0 Short Blades
 + Level 2.0 Slings
 - Level 2.0 Dodging
 - Level 1.3 Stealth
 + Level 3.9 Unarmed Combat
 - Level 3.2 Evocations


You had 4 spell levels left.
You didn't know any spells.

Dungeon Overview and Level Annotations

Branches:
Dungeon (4/15)
 Temple: D:4-7

Altars:
Xom
The Shining One

Annotations:
D:4 Kidiri's ghost, amateur DEFE


Innate Abilities, Weirdness & Mutations

You cannot wear most types of armour.
You are amphibious.
You can wear up to eight rings at the same time.
You can use your tentacles to constrict eight enemies at once.
Your skin changes colour to match your surroundings (Stealth).
Your rubbery body absorbs attacks (AC +1).


Message History

Kidiri's ghost is lightly damaged.
Kidiri's ghost misses you.
You tentacle-slap Kidiri's ghost but do no damage.
Kidiri's ghost is lightly damaged.
Kidiri's ghost points at you and mumbles some strange words.
The flame tongue hits you!
You tentacle-slap Kidiri's ghost.
Kidiri's ghost is moderately damaged.
Kidiri's ghost points at you and mumbles some strange words.
The flame tongue hits you!
Ouch! That really hurt!
* * * LOW HITPOINT WARNING * * *
Kidiri's ghost is nearby!
Kidiri's ghost is nearby!
Kidiri's ghost is nearby!
Unknown command.
Drink which item? (? for menu, Esc to quit)
Okay, then.
Kidiri's ghost hits you.
You die...

#......#
#......#
#......#
#......#
+......#
#......#+###..
#............
#...W@.......
#............
#.......[....
#>...........
...###########
.... ... ..


You could see Kidiri's ghost.

Vanquished Creatures
  7 adders
  A worm (D:3)
  A dart slug (D:1)
  3 giant geckos
  2 orcs (D:3)
  2 giant cockroaches
  8 goblins
  5 hobgoblins
  4 jackals (D:2)
  A quokka (D:3)
  A ball python (D:1)
  4 bats
  2 giant newts (D:1)
  7 kobolds
  6 rats
54 creatures vanquished.

Notes
Turn   | Place    | Note
--------------------------------------------------------------
     0 | D:1      | M4edhros the Octopode Artificer began the quest for the Orb.
     0 | D:1      | Reached XP level 1. HP: 13/13 MP: 3/3
    36 | D:1      | Reached skill level 1 in Unarmed Combat
   281 | D:1      | Reached XP level 2. HP: 18/18 MP: 4/4
   542 | D:1      | Reached XP level 3. HP: 23/23 MP: 5/5
  1172 | D:2      | Found a faded altar to an unknown god.
  1208 | D:2      | Reached XP level 4. HP: 28/28 MP: 3/6
  1228 | D:2      | Became a worshipper of the Shining One
  1228 | D:2      | Reached * piety under the Shining One
  1766 | D:2      | Reached skill level 1 in Slings
  2130 | D:3      | Found a shimmering altar of Xom.
  2407 | D:3      | Reached XP level 5. HP: 25/33 MP: 5/7
  2646 | D:4      | Noticed Kidiri's ghost (amateur DEFE)
  2650 | D:4      | HP: 1/33 [Kidiri's ghost/flame tongue (18)]
  2651 | D:4      | Slain by Kidiri's ghost

Vault maps used:
D:1:      dpeg_arrival_erosion, st_stairs_14, minmay_misc_feat_tower
D:2:      ecumenical_altar_2, first_bread, minmay_misc_feat_five
D:3:      xom_teletrap_fun, serial_aquarium, aquarium_bridge_square,
          aquarium_window_corridor_3, aquarium_window_fake, aquarium_view_2d
D:4:      fedhas_altar_4

Skill      XL: |  1  2  3  4  5 |
---------------+----------------+-----
Unarmed Combat | 1 2 3 |  3.9
Slings         | 1 2 |  2.0
Fighting       | |  1.0
Short Blades   | |  1.0
Dodging        | |  2.0
Stealth        | |  1.3
Evocations     | |  3.2

Action                   |  1- 3 |  4- 6 || total
-------------------------+-------+-------++-------
Melee: Unarmed           |    76 |    59 ||   135
Evoke: Wand              |     2 |       ||     2
 Stab: Sleeping          |     9 |       ||     9
  Eat: Chunk             |       |     5 ||     5
